 Dungeon Crawl Stone Soup version 0.27-a0-1529-g1e82c303ef (webtiles) character file.

Game seed: 18025667708225422334

564 Demosthentine the Poker (level 7, -3/54 HPs)
             Began as a Merfolk Gladiator on July 11, 2021.
             Was a Follower of the Shining One.
             Slain by an ogre (28 damage)
             ... on level 4 of the Dungeon.
             The game lasted 00:04:27 (4282 turns).

Demosthentine the Poker (Merfolk Gladiator)         Turns: 4282, Time: 00:04:27

Health: -3/54      AC:  6    Str: 16    XL:     7   Next: 32%
Magic:  7/7        EV: 14    Int:  8    God:    the Shining One [*.....]
Gold:   201        SH:  0    Dex: 15    Spells: 6/6 levels left

rFire    . . .     SeeInvis .   a - +0 trident
rCold    . . .     Faith    .   (no shield)
rNeg     . . .     Spirit   .   b - +0 leather armour
rPois    .         Reflect  .   c - +0 helmet
rElec    .         Harm     .   k - +1 cloak
rCorr    .         Rampage  .   (no gloves)
Will     .....                  (no boots)
Stlth    +.........             g - amulet of the acrobat
HPRegen  0.18/turn              (no ring)
MPRegen  0.10/turn              (no ring)

@: glowing
A: (nimble swimmer 2), mertail
a: Renounce Religion


You were on level 4 of the Dungeon.
You worshipped the Shining One.
The Shining One was aware of your devotion.
You visited 2 branches of the dungeon, and saw 5 of its levels.

You collected 201 gold pieces.

Inventory:

Hand Weapons
 a - a +0 trident (weapon)
Missiles
 d - 2 throwing nets (quivered)
 l - a curare-tipped dart
Armour
 b - a +0 leather armour (worn)
 c - a +0 helmet (worn)
 e - a +0 buckler
 k - a +1 cloak (worn)
Jewellery
 g - an amulet of the acrobat (around neck)
Scrolls
 j - a scroll of enchant armour
 o - a scroll of fog
 q - a scroll of identify {unknown}
Potions
 f - a potion of haste
 h - 3 potions of magic
 i - a potion of might
 m - a potion of heal wounds {unknown}
 n - a potion of attraction {unknown}
 p - a potion of curing {unknown}


   Skills:
 + Level 4.2 Fighting
 + Level 6.5 Polearms
 - Level 2.0 Throwing
 + Level 2.3 Armour
 + Level 6.0 Dodging
 + Level 3.0 Shields


You had 6 spell levels left.
You didn't know any spells.
Your spell library contained the following spells:

 Spells                   Type           Power      Damage    Failure   Level
 Animate Skeleton         Necr           0%         N/A       45%         1
 Apportation              Tloc           0%         N/A       45%         1
 Corona                   Hex            0%         N/A       45%         1
 Summon Small Mammal      Summ           0%         N/A       45%         1
 Slow                     Hex            0%         N/A       61%         2
 Confusing Touch          Hex            0%         N/A       83%         3
 Yara's Violent Unravell  Hex/Tmut       0%         3d3       100%        5


Dungeon Overview and Level Annotations

Branches:
Dungeon (4/15)             Temple (1/1) D:4

Altars:
Cheibriados
Elyvilon
Gozag
Kikubaaqudgha
Makhleb
Nemelex Xobeh
Okawaru
Qazlal
Sif Muna
Trog
Uskayaw
Vehumet
Wu Jian
Xom
The Shining One


Innate Abilities, Weirdness & Mutations

((You are quick and stealthy near water. (Stealth+, EV+, Speed+++)))
Your lower body shifts to a powerful aquatic tail in water.


Message History

The adder bites you but does no damage.
There are monsters nearby!
You hit the adder.
The adder is moderately wounded.
You feel sick.
You are no longer poisoned.
The ogre hits you with a +0 giant club! The adder bites you but does no damage.
The adder closely misses you.
You hit the adder.
The adder is severely wounded.
The adder barely misses you.
You hit the adder.
You kill the adder!
Throw: 3 throwing nets
Press: ? - help, Q - select action, (/) - cycle Shift-Dir - straight line, f - ogre
Aim: an ogre, wielding a +0 giant club (haloed, 93% to hit)
You throw a throwing net. The throwing net hits the ogre.
The ogre is caught in the net!
The ogre struggles against the net.
You completely miss the ogre.
The ogre struggles against the net.
You hit the ogre.
The ogre is lightly wounded.
The ogre struggles against the net.
You hit the ogre.
The ogre is moderately wounded.
The ogre struggles against the net.
You puncture the ogre!
The ogre is severely wounded.
The ogre struggles against the net.
The net rips apart, and the ogre comes free!
You hit the ogre.
The ogre is severely wounded.
The ogre hits you with a +0 giant club!
You completely miss the ogre.
The ogre is severely wounded.
You hit the ogre.
The ogre is severely wounded.
The ogre hits you with a +0 giant club!!
Ouch! That really hurt!
You die...

..##..# #... #
##...## ......#
#..... ###†#
.....## #...###
#.# .##..#
##..## # # #.#
.##..# ....#.#
#.# #.# .##..#
#....###.# #.#
.##..#
##.....#.#.###(#
.....#
#......O###....#
#.##.#
##.....#@#.#####
...#.#
#....###.##
.....# #.#.#
#........ ⌠..#.#
..... ########.
...#.# ###...
.....# ###
...#.# ⌠..#.#
.....#


You could see an ogre.

Vanquished Creatures
  A steam dragon (D:4)
  A kobold brigand (D:4)
  A scorpion (D:4)
  3 jellies (D:4)
  Natasha (twice) (D:4)
  A hound skeleton (D:4)
  3 gnolls (D:2)
  3 adders
  An ufetubus (D:4)
  2 worms
  A dart slug (D:3)
  An orc (D:2)
  6 bats
  5 endoplasms
  3 giant cockroaches
  9 goblins
  4 hobgoblins
  4 jackals (D:1)
  3 quokkas
  6 ball pythons
  4 frilled lizards
  24 kobolds
  7 rats
95 creatures vanquished.

Vanquished Creatures (others)
  An adder skeleton (D:4)
  18 plants (D:4)
19 creatures vanquished.

Grand Total: 114 creatures vanquished

Notes
Turn   | Place    | Note
-------+----------+-------------------------------------------
     0 | D:1      | Demosthentine the Merfolk Gladiator began the quest for the
                  | Orb.
     0 | D:1      | Reached XP level 1. HP: 16/16 MP: 1/1
   208 | D:1      | Reached XP level 2. HP: 21/23 MP: 2/2
   584 | D:1      | Reached XP level 3. HP: 24/28 MP: 3/3
  1050 | D:2      | Reached skill level 1 in Shields
  1446 | D:2      | Reached skill level 5 in Polearms
  1446 | D:2      | Reached skill level 1 in Armour
  1446 | D:2      | Reached XP level 4. HP: 19/34 MP: 4/4
  1901 | D:2      | Found a faded altar of an unknown god.
  2363 | D:3      | Found a shimmering altar of Xom.
  2752 | D:3      | Found an ancient bone altar of Kikubaaqudgha.
  3378 | D:4      | Reached XP level 5. HP: 35/41 MP: 5/5
  3387 | D:4      | Reached skill level 5 in Dodging
  3477 | D:4      | Found a staircase to the Ecumenical Temple.
  3498 | Temple   | Entered the Ecumenical Temple
  3566 | Temple   | Became a worshipper of the Shining One
  3681 | D:4      | Reached XP level 6. HP: 42/47 MP: 6/6
  3779 | D:4      | Noticed Natasha
  3785 | D:4      | Killed Natasha
  3799 | D:4      | Noticed a steam dragon
  3807 | D:4      | HP: 2/47 [adder (2)]
  3834 | D:4      | Killed a steam dragon
  4038 | D:4      | Reached XP level 7. HP: 46/54 MP: 7/7
  4151 | D:4      | Noticed Natasha
  4154 | D:4      | Killed Natasha
  4261 | D:4      | Reached * piety under the Shining One
  4282 | D:4      | Slain by an ogre

Illustrated notes

Levels and vault maps discovered:
D:1:      zaba_arrival_water, layout_basic, skrybe_limestone_x,
          minmay_statues_item
D:2:      layout_loops_cross, shapermc_ecumenical_altar_venn,
          mrwooster_statue_mirror, kennysheep_generic_room_16
D:3:      layout_basic, old_standard_altar, xom_teletrap_fun
D:4:      kennysheep_kobold_camp, layout_loops_ring,
          minmay_temple_entry_large_hall, minmay_misc_feat_room,
          chequers_serial_rivers_micro_d, uniq_natasha, uniq_crazy_yiuf_cottage
Temple:   nicolae_temple_god_jail

Skill      XL: |  1  2  3  4  5  6  7 |
---------------+----------------------+-----
Shields        | 1 2 3 |  3.0
Polearms       | 5 6 |  6.5
Armour         | 1 2 |  2.3
Fighting       | 3 4 |  4.2
Dodging        | 5 6 |  6.0
Throwing       | |  2.0

Action                   |  1- 3 |  4- 6 |  7- 9 || total
-------------------------+-------+-------+-------++-------
Melee: Trident           |   101 |   139 |    61 ||   301
Throw: Throwing net      |       |       |     1 ||     1
  Use: Scroll            |       |     4 |       ||     4
       Potion            |       |     4 |       ||     4
 Stab: Sleeping          |       |     3 |       ||     3
       Distracted        |       |     1 |       ||     1
Armor: Leather armour    |    19 |    29 |    15 ||    63
Dodge: Dodged            |    53 |    96 |    26 ||   175

Table legend: (Time is in decaauts)
 A = Elapsed time spent in this place.
 B = Non-inter-level travel time spent in this place.
 C = Inter-level travel time spent in this place.
 D = Time resting spent in this place.
 E = Time spent auto-exploring this place.
 F = Levels seen in this place.
 G = Mean time per level.
                   A        B        C        D        E       F      G
               +--------+--------+--------+--------+--------+-----+--------+
         Total |   4271 |   4210 |     61 |    130 |   3401 |   5 |  854.2 |
       Dungeon |   4193 |   4132 |     61 |    130 |   3344 |   4 | 1048.2 |
        Temple |     77 |     77 |      0 |      0 |     57 |   1 |   77.0 |
               +--------+--------+--------+--------+--------+-----+--------+

Top non-repeatable levels by time:
     D:1: 1304 daAuts
     D:2: 1062 daAuts
     D:3: 993 daAuts
     D:4: 832 daAuts
  Temple: 77 daAuts
